 Dungeon Crawl Stone Soup version 0.30-a0-1053-gbd8d5ba0ad (webtiles) character file.

Game seed: 8209296500405105131

42 mandoloar the Insei (level 3, -4/23 HPs)
             Began as an Octopode Transmuter on Apr 11, 2023.
             Killed from afar by Terence (9 damage)
             ... with a puff of flame
             ... on level 2 of the Dungeon.
             The game lasted 00:03:34 (1697 turns).

mandoloar the Insei (Octopode Transmuter)           Turns: 1697, Time: 00:03:35

Health: -4/23      AC:  1    Str:  9    XL:     3   Next: 56%
Magic:  6/6        EV: 13    Int: 17    God:
Gold:   65         SH:  0    Dex: 12    Spells: 5/6 levels left

rFire   . . .      SeeInvis .      - Unarmed
rCold   . . .      Faith    .    (no shield)
rNeg    . . .      Spirit   .    (helmet currently unavailable)
rPois   .          Reflect  .    (no amulet)
rElec   .          Rampage  .    (no ring)
rCorr   .                        (no ring)
Will    .....                    (no ring)
Stlth   ++                       (no ring)
HPRegen 0.23/turn                (no ring)
MPRegen 0.10/turn                (no ring)
                                 (no ring)
                                 (no ring)

@: appendages (expiring)
A: tentacle spike 3, almost no armour, amphibious, 8 rings, camouflage 1,
gelatinous body 1, (nimble swimmer 1), tentacles
a: End Transformation


You were on level 2 of the Dungeon.
One of your tentacles had grown a beastly spike.
You visited 1 branch of the dungeon, and saw 2 of its levels.

You collected 65 gold pieces.

Inventory:

Missiles
 c - 25 stones
Scrolls
 d - 2 scrolls of identify {unknown}
 e - a scroll of enchant weapon {unknown}
 f - a scroll of amnesia {unknown}
 i - a scroll of vulnerability {unknown}
 j - a scroll of silence {unknown}
Potions
 a - a potion of lignification
 b - a potion of might {unknown}
 g - a potion of curing {unknown}
 h - a potion of berserk rage {unknown}


   Skills:
 + Level 1.5 Fighting
 + Level 2.3 Dodging
 + Level 3.2 Unarmed Combat
 + Level 2.3 Spellcasting
 + Level 2.3 Transmutations
 + Level 1.1 Ice Magic


You had 5 spell levels left.
You knew the following spells:

 Your Spells              Type           Power      Damage    Failure   Level
a - Beastly Appendage     Tmut           18%        N/A       8%          1

Your spell library contained the following spells:

 Spells                   Type           Power      Damage    Failure   Level
 Wereblood                Tmut           9%         N/A       11%         2
 Sandblast                Erth           2%         2d4       19%         1
 Passwall                 Tmut/Erth      4%         N/A       19%         2
 Spider Form              Tmut/Pois      5%         N/A       34%         3
 Stone Arrow              Conj/Erth      2%         3d7       50%         3
 Ice Form                 Ice/Tmut       7%         N/A       67%         4


Dungeon Overview and Level Annotations

Branches:
Dungeon (2/15)

Altars:

Shops:
D:1 *

Annotations:
D:2 Terence


Innate Abilities, Weirdness & Mutations

One of your tentacles has grown a beastly spike.
You cannot wear most types of armour.
You are amphibious.
You can wear up to eight rings at the same time.
Your skin changes colour to match your surroundings (Stealth+).
Your rubbery body absorbs attacks. (AC +1, EV +1)
((You are camouflaged when in or above water. (Stealth+)))
You have tentacles for arms and can constrict up to eight enemies at once.


Message History

The adder is moderately wounded.
Your transformation is almost over.
You constrict the adder.
You feel sick. The adder bites you.
* * * LOW HITPOINT WARNING * * *
You are more poisoned.
The adder poisons you!
You are too injured to fight recklessly!
You tentacle-slap the adder.
You pierce the adder.
The adder is almost dead.
You constrict the adder.
You kill the adder!
You feel sick.
You start resting.
You feel sick. x4
You are no longer poisoned.
You start resting.
Magic restored.
You start resting.
Your tentacle spike disappears.
HP restored.
You start waiting.
Done waiting.
Okay, then.
You see here an adder corpse.
A hobgoblin comes into view.
Found a scroll labelled SESUAF MECOR.
The hobgoblin moves out of view.
One of your tentacles grows a vicious spike.
The hobgoblin shouts!
You tentacle-slap the hobgoblin but do no damage.
You grab the hobgoblin.
You pierce the hobgoblin.
You kill the hobgoblin!
No target in view!
j - a scroll labelled PAETOQANKA You see here a hobgoblin corpse.
Terence is nearby!
Your transformation is almost over.
Terence zaps a wand.
The puff of flame hits you!
Terence zaps a wand.
The puff of flame hits you!
* * * LOW HITPOINT WARNING * * *
Terence zaps a wand.
The puff of flame hits you!
You die...

#...###..##. #.#.#.#
..### #..... #.#.#.# .##
#...### #.#...#
#######...# #.#####
......#...# #.#
......#...# #####.#####
......#. #.........#
......#...###.##.####.#
...........@†...@# #.
......##......##.####.##
......###....###.....@.#
....... ##..## .......<#
### ..#.##### ...#.#
.?.#.# #.... #


You could see Terence.

Vanquished Creatures
  An adder (D:2)
  A dart slug (D:1)
  3 endoplasms
  A giant cockroach (D:1)
  3 goblins (D:1)
  3 hobgoblins
  2 jackals (D:1)
  A quokka (D:1)
  3 ball pythons (D:1)
  3 bats
  A frilled lizard (D:2)
  4 kobolds (D:1)
  6 rats
32 creatures vanquished.

Vanquished Creatures (others)
  A plant (D:2)
1 creature vanquished.

Grand Total: 33 creatures vanquished

Notes
Turn   | Place    | Note
-------+----------+-------------------------------------------
     0 | D:1      | mandoloar the Octopode Transmuter began the quest for the
                  | Orb.
     0 | D:1      | Reached XP level 1. HP: 13/13 MP: 3/3
   122 | D:1      | Reached XP level 2. HP: 18/18 MP: 5/5
   382 | D:1      | Found Saal's General Store.
   849 | D:1      | Reached XP level 3. HP: 18/23 MP: 4/6
   944 | D:2      | Noticed Terence
  1171 | D:2      | Reached skill level 1 in Ice Magic
  1697 | D:2      | Killed from afar by Terence

Illustrated notes

Levels and vault maps discovered:
D:1:      mushboom_english_gardens, layout_loops_ring, serial_shops, shop
D:2:      layout_basic, basic_altar, chequers_serial_rivers_micro_b,
          minivault_19, serial_bayou_pond_d, nrook_mini_backslash,
          eino_tiny_chamber, uniq_terence

Skill      XL: |  1  2  3 |
---------------+----------+-----
Ice Magic      | 1 |  1.1
Fighting       | |  1.5
Dodging        | |  2.3
Unarmed Combat | |  3.2
Spellcasting   | |  2.3
Transmutations | |  2.3

Action                     || total
---------------------------++-------
  Melee: Unarmed           ||    54
         Kick              ||    22
         Constrict         ||    13
         Tentacles         ||     6
   Cast: Beastly Appendage ||    24
   Stab: Sleeping          ||    12
 Armour: Skin              ||     2
  Dodge: Dodged            ||    19

Table legend: (Time is in decaauts)
 A = Elapsed time spent in this place.
 B = Non-inter-level travel time spent in this place.
 C = Inter-level travel time spent in this place.
 D = Time resting spent in this place.
 E = Time spent auto-exploring this place.
 F = Levels seen in this place.
 G = Mean time per level.
                   A        B        C        D        E       F      G
               +--------+--------+--------+--------+--------+-----+--------+
         Total |   1694 |   1570 |    124 |    240 |   1083 |   2 |  847.0 |
       Dungeon |   1694 |   1570 |    124 |    240 |   1083 |   2 |  847.0 |
               +--------+--------+--------+--------+--------+-----+--------+

Top non-repeatable levels by time:
     D:1: 1049 daAuts
     D:2: 644 daAuts
